 Dungeon Crawl Stone Soup version 0.30-a0-540-g0af01429fa (webtiles) character file.

Game seed: 3678107762722463027

642 Twinkles the Shield-Bearer (level 7, -11/53 (56) HPs)
             Began as a Formicid Fighter on Dec 25, 2022.
             Mangled by a wight
             ... wielding a +0 great sword
              (15 damage)
             ... on level 4 of the Dungeon.
             The game lasted 00:15:19 (2851 turns).

Twinkles the Shield-Bearer (Formicid Fighter)       Turns: 2851, Time: 00:15:19

HP:   -11/53 (56)   AC:  8    Str: 23    XL:     7   Next: 81%
MP:   7/7           EV: 10    Int:  7    God:
Gold: 268           SH:  5    Dex: 13    Spells: 6/6 levels left

rFire   . . .      SeeInvis +    x - +0 scythe
rCold   . . .      Faith    .    c - +0 buckler
rNeg    + . .      Spirit   .    e - +0 scale mail
rPois   .          Reflect  .    (helmet unavailable)
rElec   .          Harm     .    y - scarf {repulsion}
rCorr   .          Rampage  .    (no gloves)
Will    .....                    z - +0 pair of boots Stlth
                                 d - amulet of magic regeneration
HPRegen 0.28/turn                f - ring of positive energy
MPRegen 0.50/turn                (no ring)

@: mighty, drained, repel missiles
A: permanent stasis, dig shafts and tunnels, antennae 3, four strong arms
a: Dig, Shaft Self


You were on level 4 of the Dungeon.
You visited 1 branch of the dungeon, and saw 4 of its levels.

You collected 268 gold pieces.

Inventory:

Hand Weapons
 a - a +0 flail
 b - a +0 sling
 j - a +1 dagger of holy wrath
 x - a +0 scythe (weapon)
Missiles
 u - 6 poisoned darts
Armour
 c - a +0 buckler (worn)
 e - a +0 scale mail (worn)
 y - a scarf of repulsion (worn)
 z - a +0 pair of boots (worn)
Jewellery
 d - an amulet of magic regeneration (around neck)
 f - a ring of positive energy (left hand)
Wands
 h - a wand of acid (3)
Scrolls
 g - 5 scrolls of identify {unknown}
 i - a scroll of torment {unknown}
 l - a scroll of teleportation {unknown}
 q - a scroll of poison {unknown}
 r - 3 scrolls of immolation {unknown}
 w - a scroll of blinking {unknown}
 A - a scroll of fear {unknown}
 B - a scroll of magic mapping {unknown}
Potions
 k - a potion of mutation {unknown}
 m - 2 potions of ambrosia {unknown}
 n - a potion of flight {unknown}
 o - a potion of lignification {unknown}
 p - a potion of heal wounds {unknown}
 s - 2 potions of attraction {unknown}
 t - 2 potions of resistance {unknown}
 v - 2 potions of curing {unknown}
 H - 2 potions of haste


   Skills:
 + Level 5.4 Fighting
 + Level 4.3 Maces & Flails
 + Level 5.4 Armour
 + Level 1.4 Dodging
 - Level 5.9 Shields


You had 6 spell levels left.
You didn't know any spells.
Your spell library was empty.

Dungeon Overview and Level Annotations

Branches:
Dungeon (4/15) Zot: 21047
 Temple: D:4-7

Altars:
Gozag
Qazlal
Sif Muna
Uskayaw
Vehumet
Xom


Innate Abilities, Weirdness & Mutations

You cannot be hasted, slowed, berserked, paralysed or teleported.
You can dig through walls and to a lower floor.
You have a pair of large antennae on your head. (SInv)
Your four strong arms can wield two-handed weapons with a shield.


Message History

The wight attacks as you move away! The wight hits you with a +0 falchion!
* * * LOW HITPOINT WARNING * * *
There is an open door here.
The wight attacks as you move away! The wight barely misses you.
You feel very mighty all of a sudden. The wight hits you but does no damage.
You barely miss the wight.
The wight is moderately damaged.
You block the wight's attack.
You closely miss the wight.
The wight is moderately damaged.
You block the wight's attack.
You closely miss the wight.
The wight is moderately damaged.
The wight hits you with a +0 falchion.
* * * LOW HITPOINT WARNING * * *
You partially resist.
You feel drained.
You closely miss the wight.
The wight is moderately damaged.
The wight completely misses you. The wight hits you but does no damage.
You slash the wight!
You destroy the wight!
You puncture the wight!
The wight is almost destroyed.
The wight closely misses you. The wight hits you with a +0 scimitar!
* * * LOW HITPOINT WARNING * * *
You partially resist.
You feel drained.
You barely miss the wight.
The wight is almost destroyed.
The wight hits you but does no damage.
You closely miss the wight.
The wight is almost destroyed.
The wight closely misses you. The wight hits you with a +0 scimitar.
* * * LOW HITPOINT WARNING * * *
You partially resist.
You feel drained.
You puncture the wight!
You destroy the wight!
You barely miss the wight. You block the wight's attack.
The wight hits you with a +0 great sword!
You die...

######## #......# #......#
#......##### ######
#......'...# #....#######
#......###z# ###........#
#...>..###@# #####.#####.#
#.....z.##.# #.....# #.#
#.......##.# #.#########.#
### #######.##.#
#.#.<.......# ..#
#.##.####.########### #.#
###.##......# #.###
#...############.
....#######.....zz..#......
...............z..>.'...#


You could see a wight.

Vanquished Creatures
  Sigmund (D:3)
  An ice beast (D:3)
  2 wights (D:4)
  2 hounds (D:4)
  Jessica (D:2)
  Terence (D:2)
  An iguana (D:4)
  An orc wizard (D:4)
  Robin (D:2)
  3 adders
  A worm (D:2)
  A dart slug (D:1)
  8 orcs
  6 bats
  5 endoplasms
  2 giant cockroaches
  19 goblins
  6 hobgoblins
  3 jackals (D:1)
  6 kobolds
  A quokka (D:3)
  8 ball pythons
  2 frilled lizards
  4 rats
86 creatures vanquished.

Notes
Turn   | Place    | Note
-------+----------+-------------------------------------------
     0 | D:1      | Twinkles the Formicid Fighter began the quest for the Orb.
     0 | D:1      | Reached XP level 1. HP: 18/18 MP: 1/1
    91 | D:1      | Reached XP level 2. HP: 24/24 MP: 2/2
   244 | D:1      | Reached XP level 3. HP: 25/29 MP: 3/3
   369 | D:1      | You fall into a shaft and drop 1 floor!
   431 | D:2      | Noticed Jessica
   441 | D:2      | Killed Jessica
   442 | D:2      | Reached XP level 4. HP: 29/37 MP: 4/4
   669 | D:2      | Found a shimmering blue altar of Sif Muna.
   687 | D:2      | Noticed Terence
   695 | D:2      | Killed Terence
  1197 | D:2      | Reached XP level 5. HP: 42/42 MP: 5/5
  1377 | D:2      | Noticed Robin
  1392 | D:2      | Reached skill level 5 in Shields
  1400 | D:2      | Killed Robin
  1777 | D:3      | Found a shimmering altar of Xom.
  1851 | D:3      | Found a faded altar of an unknown god.
  2007 | D:3      | Noticed an ice beast
  2014 | D:3      | Killed an ice beast
  2015 | D:3      | Reached XP level 6. HP: 48/49 MP: 6/6
  2024 | D:3      | Noticed Sigmund
  2032 | D:3      | Killed Sigmund
  2033 | D:3      | Reached skill level 5 in Fighting
  2033 | D:3      | Reached XP level 7. HP: 48/56 MP: 7/7
  2228 | D:4      | Found a stormy altar of Qazlal.
  2250 | D:4      | Found an opulent altar of Gozag.
  2400 | D:4      | Reached skill level 5 in Armour
  2609 | D:4      | Reached skill level 1 in Dodging
  2687 | D:4      | Found a radiant altar of Vehumet.
  2703 | D:4      | Found a hide-covered altar of Uskayaw.
  2834 | D:4      | HP: 11/51 [wight/+0 falchion (11)]
  2844 | D:4      | HP: 13/51 [wight/+0 falchion (2)]
  2849 | D:4      | HP: 3/51 [wight/+0 scimitar (5)]
  2851 | D:4      | Mangled by a wight

Illustrated notes

Levels and vault maps discovered:
D:1:      amcnicky_arrival_wind_blow, layout_loops_ring, minmay_pentomino_p2
D:2:      layout_rooms, basic_altar, st_stairs_3, nrook_uturn,
          chequers_serial_rivers_small_b, uniq_jessica, uniq_terence, uniq_robin
D:3:      layout_rooms, old_standard_altar,
          shapermc_ecumenical_altar_mp_highgroup, minmay_misc_feat_room,
          uniq_sigmund
D:4:      layout_basic, overflow_temple_1_default, nicolae_vehumet_altar_sigil,
          mainiacjoe_overflow_large_starburst, minmay_puff

Skill      XL: |  1  2  3  4  5  6  7 |
---------------+----------------------+-----
Fighting       | 4 5 |  5.4
Armour         | 4 5 |  5.4
Shields        | 5 |  5.9
Maces & Flails | 3 4 |  4.3
Dodging        | 1 |  1.4

Action                   |  1- 3 |  4- 6 |  7- 9 || total
-------------------------+-------+-------+-------++-------
Melee: Flail             |    68 |   111 |     4 ||   183
       Halberd           |       |       |    80 ||    80
 Fire: Sling             |     3 |     3 |       ||     6
 Abil: Dig               |       |     1 |       ||     1
  Use: Potion            |       |     1 |     1 ||     2
Armor: Scale mail        |    36 |    44 |    37 ||   117
Dodge: Dodged            |    37 |    45 |    27 ||   109
Block: Buckler           |    20 |    28 |    24 ||    72

Table legend: (Time is in decaauts)
 A = Elapsed time spent in this place.
 B = Non-inter-level travel time spent in this place.
 C = Inter-level travel time spent in this place.
 D = Time resting spent in this place.
 E = Time spent auto-exploring this place.
 F = Levels seen in this place.
 G = Mean time per level.
                   A        B        C        D        E       F      G
               +--------+--------+--------+--------+--------+-----+--------+
         Total |   2950 |   2800 |    150 |    212 |   1794 |   4 |  737.5 |
       Dungeon |   2950 |   2800 |    150 |    212 |   1794 |   4 |  737.5 |
               +--------+--------+--------+--------+--------+-----+--------+

Top non-repeatable levels by time:
     D:2: 1031 daAuts
     D:1: 725 daAuts
     D:4: 661 daAuts
     D:3: 532 daAuts
